 Dungeon Crawl Stone Soup version 0.16.1-30-g34a7ffa (webtiles) character file.

651 ztt the Shield-Bearer (level 7, 0/61 HPs)
             Began as a Minotaur Fighter on June 23, 2015.
             Was a Believer of Okawaru.
             Succumbed to poison (a potion of poison)
             ... on level 6 of the Dungeon.
             The game lasted 00:06:59 (2945 turns).

ztt the Shield-Bearer (Minotaur Fighter)            Turns: 2945, Time: 00:06:59

Health: 0/61       AC: 10    Str: 22    XL:     7   Next: 28%
Magic:  3/3        EV:  9    Int:  5    God:    Okawaru [**....]
Gold:   242        SH: 11    Dex: 10    Spells: 0 memorised, 6 levels left

rFire  . . .     SeeInvis .     a - +1 war axe
rCold  . . .     Clarity  .     b - +0 scale mail
rNeg   . . .     SustAb   .     c - +1 shield
rPois  .         Gourm    .     (helmet restricted)
rElec  .         Spirit   .     (no cloak)
rCorr  .         Warding  .     q - +2 pair of gloves
rMut   .         Stasis   .     (no boots)
MR     .....                    (no amulet)
Stlth  ..........               (no ring)
                                (no ring)

@: lethally poisoned (0 -> -10), very slightly contaminated, hasted, very quick,
not resistant to hostile enchantments, extremely unstealthy
A: retaliatory headbutt, horns 2
a: Heroism, Renounce Religion


You were on level 6 of the Dungeon.
You worshipped Okawaru.
Okawaru was pleased with you.
You were very hungry.

You visited 1 branch of the dungeon, and saw 7 of its levels.

You collected 242 gold pieces.

Inventory:

Hand weapons
 a - a +1 war axe (weapon)
Armour
 b - a +0 scale mail (worn)
 c - a +1 shield (worn)
 q - a +2 pair of gloves (worn)
Magical devices
 h - a wand of paralysis (13)
 t - a wand of frost (22)
Scrolls
 j - 2 scrolls of remove curse
 u - a scroll of amnesia
 v - a scroll of enchant armour
Potions
 g - 4 potions of restore abilities
 k - 2 potions of brilliance
 n - a potion of cure mutation
 o - a potion of lignification
 s - a potion of poison
Comestibles
 d - 2 bread rations
 f - 2 meat rations
 m - a beef jerky
 r - 8 fruits


   Skills:
 + Level 5.1 Fighting
 + Level 5.0 Axes
 + Level 5.7 Armour
 + Level 3.2 Dodging
 + Level 0.1 Stealth
 + Level 5.8 Shields


You had 6 spell levels left.
You didn't know any spells.

Dungeon Overview and Level Annotations

Branches:
Dungeon (7/15)
 Temple: D:4-7

Altars:
Fedhas
Gozag
Okawaru
Vehumet

Annotations:
D:5 Razmath's ghost, experienced MiFi
D:6 Blork the orc


Innate Abilities, Weirdness & Mutations

You reflexively headbutt those who attack you in melee.
You have a pair of horns on your head.


Message History

You block the goliath beetle's attack.
You hit the goliath beetle.
The goliath beetle is severely wounded.
The goliath beetle bites you!!
* * * LOW HITPOINT WARNING * * *
You are too injured to fight recklessly!
Drink which item? (? for menu, Esc to quit)
It was a potion of poison.
That liquid tasted very nasty...
You are lethally poisoned!
* * * LOW HITPOINT WARNING * * *
You feel sick.
Drink which item? (? for menu, Esc to quit)
You feel yourself speed up.
* * * LOW HITPOINT WARNING * * *
You feel sick. You block the goliath beetle's attack.
You are very lightly contaminated with residual magic.
You hit the goliath beetle. You headbutt the goliath beetle.
The goliath beetle is almost dead.
You die...

#####.....#
#.......###
#.......#
#.....>†#
#.[....)#
#.......#
#.......#
#..).B..#
#....@..#
#########


You could see a goliath beetle.

Vanquished Creatures
  The ghost of ztt the Magician, an average HEWz (D:3)
  A centaur (D:6)
  An ogre (D:4)
  A scorpion (D:3)
  A centaur zombie (D:6)
  A goliath beetle (D:6)
  A worker ant (D:4)
  Ijyb (D:3)
  A hound skeleton (D:4)
  Terence (D:2)
  A worker ant zombie (D:5)
  8 adders
  2 worms (D:2)
  An adder skeleton (D:5)
  2 giant geckos
  An ooze (D:3)
  4 orcs
  2 ball pythons
  14 goblins
  8 hobgoblins
  13 kobolds
  2 quokkas
  8 bats
  9 giant cockroaches
  2 giant newts (D:2)
  A jackal skeleton (D:4)
  6 rats
94 creatures vanquished.

Notes
Turn   | Place    | Note
--------------------------------------------------------------
     0 | D:1      | ztt, the Minotaur Fighter, began the quest for the Orb.
     0 | D:1      | Reached XP level 1. HP: 19/19 MP: 1/1
   140 | D:1      | Reached XP level 2. HP: 25/27 MP: 1/1
   359 | D:1      | Reached skill level 4 in Armour
   650 | D:2      | Reached XP level 3. HP: 31/33 MP: 2/2
   921 | D:2      | Reached XP level 4. HP: 40/40 MP: 2/2
  1033 | D:2      | Found an opulent altar of Gozag.
  1036 | D:2      | Found a blossoming altar of Fedhas.
  1036 | D:2      | Found an iron altar of Okawaru.
  1050 | D:2      | Became a worshipper of Warmaster Okawaru
  1217 | D:2      | Noticed Terence
  1224 | D:2      | Killed Terence
  1305 | D:3      | Reached skill level 1 in Dodging
  1359 | D:3      | Noticed ztt's ghost (average HEWz)
  1360 | D:3      | Noticed Ijyb
  1364 | D:3      | Killed ztt's ghost
  1364 | D:3      | Reached skill level 5 in Shields
  1364 | D:3      | Reached XP level 5. HP: 45/47 MP: 2/2
  1369 | D:3      | Killed Ijyb
  1369 | D:3      | Acquired Okawaru's first power
  1691 | D:3      | Reached XP level 6. HP: 51/53 MP: 3/3
  1801 | D:4      | Reached skill level 5 in Armour
  1820 | D:4      | Found a radiant altar of Vehumet.
  2232 | D:5      | Entered Level 5 of the Dungeon
  2251 | D:5      | Noticed Razmath's ghost (experienced MiFi)
  2494 | D:5      | Reached skill level 5 in Fighting
  2681 | D:6      | Reached XP level 7. HP: 47/61 MP: 3/3
  2745 | D:6      | Noticed Blork the orc
  2752 | D:6      | You fall through a shaft!
  2760 | D:7      | Reached skill level 5 in Axes
  2942 | D:6      | HP: 3/61 [goliath beetle (22)]
  2943 | D:6      | HP: 1/61 [poison (a potion of poison)]
  2945 | D:6      | Succumbed to poison (a potion of poison)

Action                   |  1- 3 |  4- 6 |  7- 9 || total
-------------------------+-------+-------+-------++-------
Melee: War axe           |    81 |   137 |    47 ||   265
  Use: Scroll            |       |    10 |     6 ||    16
       Potion            |       |     4 |     2 ||     6
  Eat: Chunk             |       |     4 |       ||     4
       Pizza             |       |     1 |       ||     1
